 Dungeon Crawl Stone Soup version 0.26.1-2-gb8aa6d0cf2 (webtiles) character file.

Game seed: 9826634918819638970

10179 Riddle the Spear-Bearer (level 11, -1/84 HPs)
             Began as a Merfolk Chaos Knight on Mar 22, 2021.
             Was a Plaything of Xom.
             Slain by Snorg (17 damage)
             ... on level 11 of the Dungeon.
             The game lasted 00:22:54 (13534 turns).

Riddle the Spear-Bearer (Merfolk Chaos Knight)     Turns: 13534, Time: 00:22:56

Health: -1/84      AC: 11    Str: 16    XL:     11   Next: 58%
Magic:  3/3        EV: 24    Int: 12    God:    Xom [.....*]
Gold:   822        SH:  0    Dex: 17    Spells: 10/10 levels left

rFire    . . .     SeeInvis .   y - +2 halberd (antimagic)
rCold    . . .     Faith    .   (shield currently unavailable)
rNeg     . . .     Spirit   .   K - +4 scale mail {Will+}
rPois    +         Reflect  .   (helmet restricted)
rElec    .         Harm     .   J - +0 cloak
rCorr    .         Rampage  .   (no gloves)
Will     +....                  (no boots)
Stlth    ..........             (no amulet)
HPRegen  0.24/turn              h - +4 ring of evasion
MPRegen  0.08/turn              N - +6 ring of strength

@: no status effects
A: change form in water, swift swim, stealthy swim, antennae 1, repulsion field
1, frail 1, poison resistance, weak 1
a: Renounce Religion


You were on level 11 of the Dungeon.
You worshipped Xom.
You were Xom's teddy bear.
You visited 1 branch of the dungeon, and saw 12 of its levels.
You also visited: Sewer.

You collected 822 gold pieces.

Inventory:

Hand Weapons
 a - a +1 spear of chaos
 y - a +2 antimagic halberd (weapon)
Armour
 i - a +0 helmet
 J - a +0 cloak (worn)
 K - a +4 scale mail of willpower (worn)
 T - a +0 kite shield
 U - a +0 troll leather armour
Jewellery
 h - a +4 ring of evasion (left hand)
 s - an uncursed ring of teleportation
 N - a +6 ring of strength (right hand)
 P - an uncursed ring of see invisible {unknown}
 Q - an uncursed ring of positive energy
 R - an uncursed ring of protection from fire {unknown}
 S - an uncursed ring of willpower {unknown}
 V - an uncursed ring of ice
Wands
 b - a wand of random effects (34)
 l - a wand of polymorph (9)
 x - a wand of paralysis (17)
 D - a wand of flame (21)
 E - a wand of iceblast (17)
 F - a wand of digging (8)
 H - a wand of acid (5)
 L - a wand of disintegration (19)
Scrolls
 d - 2 scrolls of enchant weapon
 e - 8 scrolls of remove curse
 f - a scroll of magic mapping
 g - a scroll of amnesia
 j - 4 scrolls of fog
 k - 3 scrolls of identify
 q - 6 scrolls of teleportation
 u - 3 scrolls of fear
 w - a scroll of silence
 C - 2 scrolls of immolation
Potions
 c - 3 potions of degeneration {unknown}
 m - 3 potions of invisibility {unknown}
 n - 2 potions of cancellation {unknown}
 o - 6 potions of curing {unknown}
 p - a potion of magic {unknown}
 r - 2 potions of ambrosia {unknown}
 t - 3 potions of berserk rage {unknown}
 v - 3 potions of lignification {unknown}
 z - 2 potions of resistance {unknown}
 A - 3 potions of brilliance {unknown}
 B - a potion of attraction {unknown}
 G - 4 potions of haste {unknown}
 I - a potion of mutation {unknown}
 M - a potion of might {unknown}
 O - 2 potions of heal wounds {unknown}


   Skills:
 + Level 11.6 Fighting
 + Level 14.6 Polearms
 - Level 0.6 Armour
 + Level 13.3 Dodging


You had 10 spell levels left.
You didn't know any spells.
Your spell library contained the following spells:

 Spells                   Type           Power        Failure   Level
 Magic Dart               Conj           0%           77%         1
 Blink                    Tloc           N/A          88%         2
 Call Imp                 Summ           0%           88%         2
 Poisonous Vapours        Pois/Air       0%           88%         2
 Slow                     Hex            0%           88%         2
 Conjure Flame            Conj/Fire      0%           98%         3
 Mephitic Cloud           Conj/Pois/Air  0%           98%         3
 Olgreb's Toxic Radiance  Pois           0%           100%        4
 Summon Lightning Spire   Summ/Air       0%           100%        4
 Summon Forest            Summ/Tloc      0%           100%        5
 Freezing Cloud           Conj/Ice/Air   0%           100%        6
 Summon Hydra             Summ           0%           100%        7


Dungeon Overview and Level Annotations

Branches:
Dungeon (12/15)            Temple (0/1) D:5             Orc (0/2) D:10
  Sewer (visited)
   Lair: D:8-11

Altars:
Cheibriados
Elyvilon
Gozag
Qazlal
Trog
Vehumet
Xom

Shops:
D:5 (

Annotations:
D:11 Snorg


Innate Abilities, Weirdness & Mutations

You revert to your normal form in water.
You are very nimble and swift while swimming.
You are very stealthy in the water. (Stealth+)
You have a pair of small antennae on your head.
You are surrounded by a mild repulsion field. (EV +2)
You are frail. (-10% HP)
Your system is resistant to poisons. (rPois)
You are weak. (Str -2)


Message History

Snorg is moderately wounded.
Snorg bites you!! Snorg barely misses you. Snorg claws you.
Your crimson imp hits Snorg.
Unknown command.
You puncture Snorg!
Snorg is moderately wounded.
Snorg completely misses you. x2; Snorg claws you.
Unknown command.
You closely miss Snorg.
Snorg is moderately wounded.
Snorg misses you. Snorg claws you! Snorg completely misses you.
Your crimson imp hits Snorg.
You are too injured to fight recklessly!
You completely miss Snorg.
Snorg is moderately wounded.
Snorg bites you!
* * * LOW HITPOINT WARNING * * *
Snorg claws you!
You die...
Xom titters!

,,,,,,,,,,,,,,,,,,,,,,,,,,,,*
,*+******'****#####**********
,',,,,,,,,,,,,+....,*
,*,,,,,,,,,,,,#...,,* ##
**,,,,***.,,,*#...,,* #.
**,,,,***...,*#..######## #.
,>,,,,,,,....##..#......# #.
,,,,,,,,,.......5'......# #.
########,......T@#......########.
#......###########......#..#.....
........................#..#.....
........................#..#....#
........................#'##....#
................................#
#########'##.....#####'#........#
...........#.....#.....#........#
...........#.....#.....#........#


You could see Snorg (berserk) and a friendly crimson imp (summoned).

Vanquished Creatures
  2 two-headed ogres
  A lindwurm (shapeshifter) (D:5)
  2 trolls
  A hornet (D:11)
  Grinder (D:5)
  6 yaks
  2 wraiths (D:10)
  A steam dragon (D:9)
  Eustachio (D:4)
  A warg (D:3)
  Menkaure (D:5)
  Edmund (D:4)
  A water moccasin (Sewer)
  Duvessa (D:6)
  3 orc warriors
  2 eyes of draining
  3 phantoms
  A sky beast (D:6)
  3 black bears
  An ice beast (D:5)
  8 ogres
  A boggart (D:3)
  5 centaurs
  A big kobold (D:10)
  Blork the orc (D:4)
  6 bullfrogs
  A wyvern zombie (D:9)
  A scorpion (D:9)
  Dowan (D:6)
  5 wights
  A howler monkey (D:8)
  A bullfrog zombie (D:11)
  A quasit (D:9)
  11 orc priests
  6 hounds
  A centaur skeleton (D:7)
  2 bullfrog skeletons
  A gnoll shaman (D:4)
  4 jellies
  13 orc wizards
  Crazy Yiuf (D:5)
  3 iguanas
  3 worker ants
  2 hound zombies
  A hound skeleton (D:7)
  A worker ant zombie (D:11)
  10 gnolls
  21 adders
  A river rat (D:4)
  2 white imps (D:5)
  An ufetubus (D:9)
  An ooze (D:3)
  5 worms
  An adder skeleton (D:4)
  An adder zombie (D:5)
  3 dart slugs
  4 leopard geckos
  66 orcs
  8 ball pythons
  4 giant cockroaches
  9 goblins
  9 hobgoblins
  9 jackals
  6 quokkas
  8 bats
  2 frilled lizards
  19 kobolds
  A leopard gecko skeleton (D:4)
  A quokka skeleton (D:9)
  6 rats
315 creatures vanquished.

Vanquished Creatures (collateral kills)
  A manticore (D:11)
  A troll (D:10)
  A blink frog (D:10)
  2 yaks (D:10)
  A sky beast (D:11)
6 creatures vanquished.

Vanquished Creatures (others)
  A two-headed ogre (D:9)
  An orc (D:9)
2 creatures vanquished.

Grand Total: 323 creatures vanquished

Notes
Turn   | Place    | Note
-------+----------+-------------------------------------------
     0 | D:1      | Riddle the Merfolk Chaos Knight began the quest for the
                  | Orb.
     0 | D:1      | Reached XP level 1. HP: 18/18 MP: 1/1
    36 | D:1      | XOM: silly message
   242 | D:1      | Reached XP level 2. HP: 24/24 MP: 2/2
   602 | D:1      | Reached skill level 5 in Polearms
   619 | D:1      | XOM: give mutation
   619 | D:1      | Gained mutation: You are strong-willed. (Will+) [Xom's
                  | grace]
   887 | D:2      | XOM: 1-stop teleportation journey
   902 | D:2      | Reached XP level 3. HP: 24/30 MP: 3/3
  1239 | D:2      | Noticed a basilisk
  1239 | D:2      | a worm changed into a basilisk
  1239 | D:2      | Noticed a black bear
  1239 | D:2      | a basilisk changed into a black bear
  1239 | D:2      | XOM: polymorph basilisk -> black bear
  1246 | D:2      | Killed a black bear
  1247 | D:2      | Reached skill level 6 in Polearms
  1247 | D:2      | Reached XP level 4. HP: 15/38 MP: 4/4
  1247 | D:2      | Reached XP level 5. HP: 17/43 MP: 5/5
  1647 | D:2      | XOM: give mutations
  1647 | D:2      | Gained mutation: Your system is resistant to poisons.
                  | (rPois) [Xom's grace]
  1647 | D:2      | Gained mutation: You are surrounded by a mild repulsion
                  | field. (EV +2) [Xom's grace]
  1979 | D:3      | XOM: snakes to sticks
  2092 | D:3      | XOM: polymorph orc -> goblin
  2105 | D:3      | Reached skill level 5 in Dodging
  2105 | D:3      | Reached XP level 6. HP: 37/50 MP: 6/6
  2289 | D:3      | XOM: scenery: create altars
  2397 | D:3      | XOM: divination: detect items
  2429 | D:3      | Reached skill level 5 in Fighting
  2859 | D:3      | Reached skill level 7 in Polearms
  2999 | D:3      | XOM: summons 2 friendly demons
  3008 | D:3      | Noticed a warg
  3008 | D:3      | an ogre changed into a warg
  3019 | D:3      | Killed a warg
  3020 | D:3      | Reached XP level 7. HP: 44/57 MP: 7/7
  3266 | D:4      | XOM: enchant monster (bad)
  3272 | D:4      | Noticed Blork the orc
  3278 | D:4      | XOM: scenery: create altars
  3367 | D:4      | Killed Blork the orc
  3368 | D:4      | Reached skill level 8 in Polearms
  3465 | D:3      | XOM: scenery: summon butterflies
  3528 | D:4      | Noticed Eustachio
  3529 | D:4      | Noticed Edmund
  3537 | D:3      | XOM: polymorph scorpion -> boggart
  3546 | D:3      | XOM: cleaving
  3553 | D:3      | XOM: scenery: create altars
  3557 | D:3      | Reached XP level 8. HP: 30/65 MP: 8/8
  3623 | D:3      | XOM: scenery: summon butterflies
  3716 | D:3      | XOM: cloud trail
  3815 | D:4      | Found a glowing drain.
  3824 | Sewer    | XOM: stealth player
  3824 | Sewer    | Entered a sewer
  4269 | D:4      | XOM: scenery: create altars
  4324 | D:4      | Found a white marble altar of Elyvilon.
  4341 | D:4      | Reached skill level 9 in Polearms
  4665 | D:5      | Entered Level 5 of the Dungeon
  4823 | D:5      | XOM: silly message
  4834 | D:4      | XOM: divination: detect creatures
  4857 | D:4      | XOM: potion effect (brilliance)
  4871 | D:4      | XOM: potion effect (invisibility)
  4872 | D:4      | XOM: silly message
  4876 | D:4      | Killed Edmund
  4883 | D:4      | Killed Eustachio
  5102 | D:4      | Reached skill level 10 in Polearms
  5214 | D:4      | Found an opulent altar of Gozag.
  5395 | D:5      | Found a radiant altar of Vehumet.
  5434 | D:5      | Found a snail-covered altar of Cheibriados.
  5474 | D:5      | Found Nemiefe's Weapon Shop.
  5482 | D:5      | XOM: cleaving
  5490 | D:5      | XOM: enchant monster (good)
  5500 | D:5      | Reached XP level 9. HP: 72/74 MP: 3/9
  5525 | D:5      | Noticed Menkaure
  5529 | D:5      | XOM: divination: detect items
  5794 | D:6      | XOM: summons 4 hostile shadow creatures
  5876 | D:6      | XOM: give mutations
  5876 | D:6      | Lost mutation: You are strong-willed. (Will+) [Xom's
                  | mischief]
  5876 | D:6      | Gained mutation: Scrolls take you a little longer to read.
                  | [Xom's mischief]
  5876 | D:6      | Gained mutation: You are frail. (-10% HP) [Xom's mischief]
  5882 | D:5      | XOM: blink monster(s)
  5886 | D:5      | Killed Menkaure
  5888 | D:5      | XOM: 3-stop teleportation journey
  5920 | D:5      | Found a staircase to the Ecumenical Temple.
  5969 | D:5      | XOM: god gift: scroll labelled CUSERPHE IG NOSUPP {god
                  | gift}
  6270 | D:5      | Found a runed translucent door.
  6271 | D:5      | Noticed Crazy Yiuf
  6303 | D:5      | Noticed a moth of wrath
  6304 | D:5      | Noticed Grinder
  6304 | D:5      | XOM: enchant monster (good)
  6306 | D:5      | Found a bloodstained altar of Trog.
  6308 | D:5      | Killed Grinder
  6308 | D:5      | XOM: polymorph rat -> shapeshifter
  6308 | D:5      | Noticed an orb spider
  6308 | D:5      | a shapeshifter changed into an orb spider
  6309 | D:5      | Reached skill level 11 in Polearms
  6340 | D:5      | XOM: torment (35/67 hp)
  6401 | D:6      | XOM: god gift: green potion {god gift}
  6555 | D:6      | Noticed Dowan
  6567 | D:6      | XOM: smoke on damage
  6569 | D:6      | Killed Dowan
  6748 | D:5      | XOM: cloud trail
  6818 | D:5      | Noticed a lindwurm
  6824 | D:5      | Killed a lindwurm
  6825 | D:5      | Reached skill level 10 in Dodging
  6834 | D:5      | XOM: scenery: 1 doors close
  6844 | D:5      | XOM: cast spell 'Death Channel'
  6909 | D:5      | Killed Crazy Yiuf
  7008 | D:6      | Noticed Duvessa
  7010 | D:6      | XOM: enchant monster (good)
  7043 | D:6      | XOM: cast spell 'Summon Small Mammal'
  7056 | D:6      | Killed Duvessa
  7159 | D:6      | XOM: torment (35/68 hp)
  7614 | D:6      | Reached XP level 10. HP: 74/74 MP: 3/10
  7752 | D:6      | XOM: give mutations
  7752 | D:6      | Lost mutation: Scrolls take you a little longer to read.
                  | [Xom's mischief]
  7752 | D:6      | Gained mutation: You are weak. (Str -2) [Xom's mischief]
  7752 | D:6      | Gained mutation: You are very weak. (Str -4) [Xom's
                  | mischief]
  7752 | D:6      | Gained mutation: You are clumsy. (Dex -2) [Xom's mischief]
  8022 | D:7      | XOM: silly message
  8025 | D:7      | Reached skill level 12 in Polearms
  8110 | D:7      | Found a stormy altar of Qazlal.
  8384 | D:8      | Noticed a two-headed ogre
  8539 | D:7      | XOM: summons 6 hostile demons
  8623 | D:7      | XOM: summons 2 hostile demons
  8834 | D:7      | XOM: god gift: runed great sword {god gift}
  8907 | D:8      | XOM: divination: detect items
  9030 | D:8      | XOM: cast spell 'Monstrous Menagerie'
  9091 | D:8      | XOM: summons 3 friendly demons
  9169 | D:8      | XOM: confuse monster(s)
  9186 | D:8      | XOM: god gift: 5 datura-tipped darts
  9208 | D:8      | XOM: summons friendly quasit
  9210 | D:8      | XOM: potion effect (berserk rage)
  9215 | D:8      | Killed a two-headed ogre
  9216 | D:8      | Reached skill level 10 in Fighting
  9229 | D:8      | XOM: divination: detect creatures
  9458 | D:8      | XOM: noise
  9642 | D:8      | XOM: god gift: small golden ring {god gift}
  9663 | D:9      | Reached skill level 13 in Polearms
  9679 | D:9      | Killed a two-headed ogre
  9783 | D:9      | XOM: silly message
 10064 | D:9      | XOM: silly message
 10658 | D:10     | Entered Level 10 of the Dungeon
 11063 | D:10     | Found a staircase to the Orcish Mines.
 11093 | D:10     | XOM: 1-stop teleportation journey
 11099 | D:10     | Reached XP level 11. HP: 82/82 MP: 3/11
 11356 | D:10     | XOM: chaos cloud
 11367 | D:10     | XOM: summons 11 friendly demons
 11460 | D:10     | XOM: noise
 11660 | D:10     | Noticed a two-headed ogre
 11670 | D:10     | Killed a two-headed ogre
 11671 | D:10     | Reached skill level 14 in Polearms
 11822 | D:10     | Noticed a skeletal warrior
 11822 | D:10     | XOM: noise
 11825 | D:10     | Noticed a phantasmal warrior
 11828 | D:10     | Noticed a death knight
 11830 | D:10     | XOM: butterfly on damage
 11833 | D:10     | XOM: noise
 11903 | D:10     | XOM: give mutations
 11903 | D:10     | Lost mutation: You are clumsy. (Dex -2) [Xom's mischief]
 11903 | D:10     | Lost mutation: You are very weak. (Str -4) [Xom's mischief]
 11942 | D:11     | XOM: cleaving
 12021 | D:11     | XOM: give mutation
 12021 | D:11     | Gained mutation: You have a pair of small antennae on your
                  | head. [Xom's grace]
 12138 | D:11     | XOM: destruction
 12151 | D:11     | XOM: cleaving
 12423 | D:11     | XOM: summons 4 friendly demons
 12433 | D:11     | XOM: scenery: 1 doors open, 1 doors close
 12433 | D:11     | Noticed a manticore
 12446 | D:11     | Killed a manticore
 12539 | D:11     | XOM: god gift: 49 gold pieces
 12543 | D:11     | XOM: scenery: 1 doors open, 1 doors close
 12584 | D:11     | Identified the Handbook of Vitriolic Companions
 12936 | D:11     | XOM: polymorph troll -> hornet
 13063 | D:12     | Noticed Snorg
 13081 | D:11     | XOM: cleaving
 13374 | D:11     | XOM: scenery: 1 doors open, 1 doors close
 13506 | D:11     | XOM: 4-stop teleportation journey
 13524 | D:11     | XOM: summons 2 friendly demons
 13534 | D:11     | Slain by Snorg

Illustrated notes

Levels and vault maps discovered:
D:1:      ncdulo_lavacross, layout_basic, minmay_statues_item,
          minmay_strange_pillars
D:2:      minmay_skewed_foursquare, layout_basic
D:3:      layout_basic, minmay_snake_closets
D:4:      cheibrodos_pilgrimage, layout_loops_ring, elyvilon_altar_3,
          kennysheep_mini, portal_sewer_entry_b, uniq_blork_the_orc,
          uniq_edmund, uniq_eustachio
D:5:      layout_loops_cross, vehumet_crystals, tgw_trog,
          minmay_temple_entry_stoned_glass, serial_shops, shop,
          kennysheep_slug_shrine, uniq_grinder, uniq_menkaure,
          uniq_crazy_yiuf_cottage
D:6:      layout_loops_ring, uniq_duvessa
D:7:      layout_basic, nicolae_overflow_crystal_walls
D:8:      layout_rooms
D:9:      layout_big_octagon, lemuel_flame_loot_1
D:10:     layout_basic, lair_entry_dummy, hiddenorc2_lemuel
D:11:     layout_gridville
D:12:     layout_irregular_city, uniq_snorg

Skill      XL: |  1  2  3  4  5  6  7  8  9 10 11 |
---------------+----------------------------------+-----
Dodging        | 3 4 5 6 7 8 10 12 13 | 13.3
Polearms       | 5 6 7 8 10 11 13 14 | 14.6
Fighting       | 4 5 6 7 9 10 11 | 11.6
Armour         | |  0.6

Action                   |  1- 3 |  4- 6 |  7- 9 | 10-12 || total
-------------------------+-------+-------+-------+-------++-------
Melee: Spear             |   123 |   240 |   207 |       ||   570
       Halberd           |       |       |   201 |   633 ||   834
       Tailslap          |       |       |     6 |       ||     6
  Use: Scroll            |       |       |     8 |     7 ||    15
 Stab: Paralysed         |     1 |       |     6 |       ||     7
       Sleeping          |       |     5 |     4 |       ||     9
       Petrified         |       |     1 |       |       ||     1
       Confused          |       |     1 |     1 |     2 ||     4
       Invisible         |       |       |     2 |       ||     2
       Distracted        |       |       |       |     2 ||     2
Armor: Leather armour    |    22 |    15 |    25 |       ||    62
       Scale mail        |       |       |       |   134 ||   134
Dodge: Dodged            |    68 |   135 |   286 |   479 ||   968
